 Dungeon Crawl Stone Soup version 0.31.0-4-g52a2dc7128 (webtiles) character file.

Game seed: 7119887889395855560

1800785 Flugkiller the Rapturous (level 27, 156/156 HPs)
             Began as a Vine Stalker Necromancer on Jan 21, 2024.
             Was a Follower of Uskayaw.
             Escaped with the Orb
             ... and 3 runes!
             The game lasted 02:18:52 (58197 turns).

Flugkiller the Rapturous (VSNe)                    Turns: 58197, Time: 02:18:52

Health: 156/156    AC: 38    Str: 30    XL:     27
Magic:  47/47      EV: 18    Int: 15    God:    Uskayaw [*.....]
Gold:   6871       SH: 16    Dex: 22    Spells: 26/36 levels left

rFire   + + .        x - +9 broad axe (drain)
rCold   + + .        Z - +2 shield of Resistance {rF++ rC++ Will++}
rNeg    + + .        C - +7 storm dragon scales
rPois   +            (helmet restricted)
rElec   +            s - +1 cloak {rPois}
rCorr   .            w - +2 pair of gloves
SInv    +            B - +1 pair of boots "Duuzyud" {Str+4 Dex+5}
Will    +++++        m - amulet of faith Stlth
                     I - ring "Vumeoder" {rN++ AC+4}
HPRegen 1.26/turn    g - ring of Konwell {rPois MP+9 Str+7 Dex-2 SInv}
MPRegen 0.30/turn

%: guardian spirit, faith
@: studying 2 skills
A: fangs 3, regeneration 1, magic shield, antimagic bite, no potion heal 2,
antennae 1, see invisible, weak 1, wild magic 1
0: Orb of Zot
}: 3/15 runes: decaying, silver, gossamer
a: Renounce Religion, Stomp


You escaped.
You worshipped Uskayaw.
Uskayaw was greatly pleased with you.
You visited 11 branches of the dungeon, and saw 48 of its levels.
You also visited: Sewer, Bailey and Gauntlet.

You collected 7837 gold pieces.
You spent 966 gold pieces at shops.

Inventory:

Hand Weapons
 x - a +9 broad axe of draining (weapon)
   (You found it on level 4 of the Swamp)
Missiles
 G - 7 curare-tipped darts (quivered)
 X - a throwing net
Armour
 s - a +1 cloak of poison resistance (worn)
   (You took it off Nikola on level 2 of the Depths)
 v - a +2 helmet
   (You found it on level 3 of the Dungeon)
 w - a +2 pair of gloves (worn)
   (You found it on level 3 of the Dungeon)
 B - the +1 pair of boots "Duuzyud" (worn) {Str+4 Dex+5}
   (You found it on level 12 of the Dungeon)

   Str+4:     It affects your strength (+4).
   Dex+5:     It affects your dexterity (+5).
 C - +7 storm dragon scales (worn)
   (You found it on level 3 of the Depths)
 F - a +2 cloak
   (You found it on level 15 of the Dungeon)
 Z - the +2 shield of Resistance (worn) {rF++ rC++ Will++}
   (You found it on level 11 of the Dungeon)

   rF++:      It greatly protects you from fire.
   rC++:      It greatly protects you from cold.
   Will++:    It greatly increases your willpower.
Jewellery
 f - a ring of protection from fire
   (You found it on level 4 of the Swamp)
 g - the ring of Konwell (right hand) {rPois MP+9 Str+7 Dex-2 SInv}
   (You found it on level 5 of the Vaults)

   [ring of magical power]

   Str+7:     It affects your strength (+7).
   Dex-2:     It affects your dexterity (-2).
   rPois:     It protects you from poison MP+9: It affects your magic capacity
   (+9).
   SInv:      It lets you see invisible.
 l - a ring of flight
   (You found it in a Gauntlet)
 m - an amulet of faith (around neck)
   (You found it on level 1 of the Depths)
 o - the amulet of Uparuzau {RegenMP Will+ rCorr Int+4}
   (You found it in a Gauntlet)

   [amulet of magic regeneration]

   RegenMP:   It increases your rate of magic regeneration.
   Int+4:     It affects your intelligence (+4).
   Will+:     It increases your willpower.
   rCorr:     It protects you from acid and corrosion.
 p - a +4 ring of protection
   (You found it on level 6 of the Dungeon)
 I - the ring "Vumeoder" (left hand) {rN++ AC+4}
   (You took it off a purple draconian on level 3 of the Realm of Zot)

   [ring of protection]

   AC+4:      It affects your AC (+4).
   rN++:      It greatly protects you from negative energy.
Wands
 D - a wand of mindburst (14)
   (You took it off an orc warrior on level 9 of the Dungeon)
 H - a wand of flame (103)
   (You found it on level 4 of the Dungeon)
 J - a wand of iceblast (28)
   (You found it on level 9 of the Dungeon)
 K - a wand of charming (53)
   (You found it on level 9 of the Dungeon)
 M - a wand of quicksilver (8)
   (You found it on level 8 of the Dungeon)
 N - a wand of polymorph (43)
   (You found it on level 1 of the Lair of Beasts)
 R - a wand of digging (8)
   (You found it on level 8 of the Dungeon)
Scrolls
 e - 5 scrolls of vulnerability
 j - 4 scrolls of torment
 t - 12 scrolls of teleportation
 y - 5 scrolls of fear
 Q - 3 scrolls of silence
 Y - a scroll of immolation
Potions
 c - a potion of cancellation
 d - 8 potions of might
 h - a potion of haste
 i - 7 potions of attraction
 k - 4 potions of mutation
 n - 3 potions of resistance
 q - 12 potions of curing
 E - 3 potions of berserk rage
 L - 7 potions of enlightenment
 O - 10 potions of magic
 P - 4 potions of ambrosia
 S - 3 potions of invisibility
 T - 7 potions of brilliance
Miscellaneous
 a - a phantom mirror
   (You found it on level 1 of the Swamp)
 r - a phial of floods
   (You found it on level 5 of the Vaults)
 u - a lightning rod (4/4)
   (You found it on level 5 of the Vaults)
 A - a condenser vane
   (You found it on level 5 of the Vaults)
 W - a box of beasts
   (You found it on level 8 of the Dungeon)


   Skills:
 - Level 20.0 Fighting
 - Level 1.6 Short Blades
 - Level 17.6(18.0) Axes
 - Level 6.0(12.9) Maces & Flails
 - Level 18.0 Armour
 - Level 14.0 Dodging
 - Level 2.4 Stealth
 - Level 14.0 Shields
 - Level 5.0 Spellcasting
 - Level 7.0 Necromancy
 - Level 7.0 Ice Magic
 + Level 20.4 Invocations
 - Level 6.0 Evocations


You had 26 spell levels left.
You knew the following spells:

 Your Spells              Type           Power      Damage    Failure   Level
a - Necrotise             Necr           100%       1d9       6%          1
b - Vampiric Draining     Necr           32%        2d8       16%         3
c - Fugue of the Fallen   Necr           32%        N/A       16%         3
d - Ozocubu's Armour      Ice            32%        N/A       16%         3

Your spell library contained the following spells:

 Spells                   Type           Power      Damage    Failure   Level
 Sublimation of Blood     Necr           32%        N/A       9%          2
 Frozen Ramparts          Ice            64%        1d10      16%         3
 Ensorcelled Hibernation  Hex/Ice        36%        N/A       32%         2
 Cigotuvi's Dreadful Rot  Necr/Alch/Air  26%        N/A       45%         2
 Animate Dead             Necr           32%        N/A       45%         4
 Dispel Undead            Necr           32%        3d14      45%         4
 Hailstorm                Conj/Ice       18%        3d7       52%         3
 Summon Ice Beast         Ice/Summ       18%        N/A       52%         3
 Apportation              Tloc           8%         N/A       63%         1
 Foxfire                  Conj/Fire      16%        2x1d4     63%         1
 Magic Dart               Conj           16%        1d3       63%         1
 Shock                    Conj/Air       16%        1d4       63%         1
 Slow                     Hex            16%        N/A       63%         1
 Sting                    Conj/Alch      16%        1d4       63%         1
 Blink                    Tloc           8%         N/A       77%         2
 Call Imp                 Summ           8%         N/A       77%         2
 Jinxbite                 Hex            8%         N/A       77%         2
 Lesser Beckoning         Tloc           8%         N/A       77%         2
 Mercury Vapours          Alch/Air       8%         N/A       77%         2
 Momentum Strike          Conj/Tloc      8%         3d8       77%         2
 Searing Ray              Conj           8%         2d4       77%         2
 Curse of Agony           Necr           32%        N/A       78%         5
 Anguish                  Hex/Necr       9%         N/A       88%         4
 Martyr's Knell           Necr/Summ      18%        N/A       88%         4
 Inner Flame              Hex/Fire       4%         N/A       93%         3
 Mephitic Cloud           Conj/Alch/Air  4%         N/A       93%         3
 Passwall                 Erth           4%         N/A       93%         3
 Stone Arrow              Conj/Erth      8%         3d7       93%         3
 Swiftness                Air            4%         N/A       93%         3
 Tukima's Dance           Hex            4%         N/A       93%         3
 Metabolic Englaciation   Hex/Ice        9%         N/A       99%         5
 Airstrike                Air            2%         2d(1-17)  100%        4
 Animate Armour           Summ/Erth      8%         N/A       100%        4
 Cause Fear               Hex            2%         N/A       100%        4
 Flame Wave               Conj/Fire      4%         2d5       100%        4
 Fulminant Prism          Conj/Alch      2%         3d5       100%        4
 Ignite Poison            Fire/Alch      4%         N/A       100%        4
 Leda's Liquefaction      Alch/Erth      2%         N/A       100%        4
 Passage of Golubria      Tloc           4%         N/A       100%        4
 Petrify                  Alch/Erth      4%         N/A       100%        4
 Sticky Flame             Fire/Alch      4%         2d4       100%        4
 Summon Blazeheart Golem  Fire/Summ      4%         N/A       100%        4
 Summon Lightning Spire   Summ/Air       4%         N/A       100%        4
 Vhi's Electric Charge    Tloc/Air       8%         N/A       100%        4
 Alistair's Intoxication  Alch           2%         N/A       100%        5
 Arcjolt                  Conj/Air       2%         1d12      100%        5
 Fireball                 Conj/Fire      2%         3d4       100%        5
 Freezing Cloud           Conj/Ice/Air   6%         6-21      100%        5
 Irradiate                Conj/Alch      2%         3d12      100%        5
 Lee's Rapid Deconstruct  Erth           2%         3d4*      100%        5
 Summon Forest            Summ/Tloc      2%         N/A       100%        5
 Summon Mana Viper        Hex/Summ       4%         N/A       100%        5
 Yara's Violent Unravell  Hex/Alch       2%         3d3       100%        5
 Conjure Ball Lightning   Conj/Air       2%         3x3d6     100%        6
 Death Channel            Necr           16%        N/A       100%        6
 Plasma Beam              Fire/Air       2%         2x1d12    100%        6
 Sculpt Simulacrum        Ice/Alch       9%         N/A       100%        6
 Starburst                Conj/Fire      2%         6d3       100%        6
 Summon Cactus Giant      Summ           2%         N/A       100%        6
 Spellforged Servitor     Conj/Summ      2%         N/A       100%        7
 Discord                  Hex            2%         N/A       100%        8
 Disjunction              Tloc           2%         N/A       100%        8
 Ignition                 Fire           2%         3d3       100%        8
 Lehudib's Crystal Spear  Conj/Erth      2%         10d2      100%        8
 Maxwell's Capacitive Co  Air            2%         ∞         100%        8
 Chain Lightning          Conj/Air       2%         3d2       100%        9
 Dragon's Call            Summ           2%         N/A       100%        9
 Fire Storm               Conj/Fire      2%         8d1       100%        9
 Shatter                  Erth           2%         3d6*      100%        9


Dungeon Overview and Level Annotations

Branches:
Dungeon (15/15)            Temple (1/1) D:7            Lair (5/5) D:10
  Swamp (4/4) Lair:2       Spider (4/4) Lair:3        Slime (1/5) Lair:4
    Orc (2/2) D:12            Elf (2/3) Orc:2        Vaults (5/5) D:13
  Crypt (0/3) Vaults:3     Depths (4/4) D:15            Zot (5/5) Depths:4
  Sewer (visited)          Bailey (visited)         Gauntlet (visited)

Altars:
Ashenzari
Cheibriados
Dithmenos
Elyvilon
Fedhas
Gozag
Hepliaklqana
Kikubaaqudgha
Makhleb
Nemelex Xobeh
Okawaru
Qazlal
Ru
Sif Muna
Trog
Uskayaw
Vehumet
Wu Jian
Xom
Yredelemnul
Zin
The Shining One
Jiyva

Shops:
D:3 (   D:4 (   D:5 *   Orc:1 !   Orc:2 =*=   Elf:2 ?   Vaults:2 [
Depths:4 ===:

Portals:
Hell: Depths:1 Depths:2 Depths:3 Depths:4
Abyss: Depths:1 Depths:3 Depths:4
Pandemonium: Depths:2
Ziggurat: Depths:2

Annotations:
D:3 exclusion: door
D:5 1 runed translucent door, exclusion: ogre, Crazy Yiuf, Prince Ribbit
D:11 1 runed translucent door
D:12 1 runed translucent door, Arcaseus's ghost, journeyman OpSh
Lair:5 exclusion: 2 oklob plants
Elf:1 Roxanne
Elf:2 3 runed translucent doors
Vaults:2 exclusion: ice statue
Depths:3 exclusion: obsidian statue
Depths:4 1 runed translucent door, frimble's ghost, adept DsGl


Innate Abilities, Weirdness & Mutations

You have razor-sharp teeth.
Your natural rate of healing is unusually fast.
When hurt, damage is shared between your health and your magic reserves.
Your bite disrupts and absorbs the magic of your enemies.
Potions cannot restore your health.
You have a pair of small antennae on your head.
You have supernaturally acute eyesight. (SInv)
You are weak. (Str -2)
Your spells are a little harder to cast, but a little more powerful.


Message History

You resist with almost no effort. The golden eye blinks at you.
You resist with almost no effort. The golden eye blinks at you.
You resist with almost no effort.
The golden eye blinks at something.
You resist with almost no effort. The golden eye blinks at you.
You resist with almost no effort. The golden eye blinks at you.
You resist with almost no effort. The golden eye blinks at you.
You resist with almost no effort. The golden eye blinks at you.
You resist with almost no effort.
The golden eye blinks!
The golden eye blinks at you. You resist with almost no effort.
The golden eye blinks at you. You resist with almost no effort.
The golden eye blinks at you. You resist with almost no effort.
The golden eye blinks!
There is a stone staircase leading up here.
The golden eye blinks at something.
You resist with almost no effort.
You climb upwards.
There is a stone staircase leading down here.
No target in view!
There is a stone staircase leading down here.
Things that are here:
a +0 hand axe; a +0 robe; a +0 dagger
There is an escape hatch in the floor here.
There is a stone staircase leading up here.
You climb upwards.
There is a stone staircase leading down here.
A Loomamell and a lich come into view.
Press: ? - help, v - describe, . - travel
Here: Loomamell, armed with an electric touch The floor.
Unknown command.
Press: ? - help, v - describe, . - travel
Here: Loomamell, armed with an electric touch The floor.
Unknown command.
You feel yourself speed up.
Unknown command.
Blink to where?
Press: ? - help, Dir - move target
As you read the scroll of blinking, it crumbles to dust.
Unknown command.
Unknown command.
A cherub comes into view.
It is wielding a +3 long sword of flaming.
You block the cherub's attack. x2
The cherub unwields a +3 long sword of flaming.
It stops flaming.
The cherub wields a +0 shortbow.
The cherub shoots an arrow.
You block the arrow.
The cherub shoots an arrow.
The arrow hits you but does no damage.
The cherub shoots an arrow.
You block the arrow.
There is a stone staircase leading down here.
There is a stone staircase leading up here.
You climb upwards.
An efreet comes into view.
It is wielding a +3 scimitar of flaming.
There is a stone staircase leading down here.
There is an escape hatch in the ceiling here.
A mysterious force pulls you upwards. The hatch slams shut behind you.
What level of the Dungeon? (default 1, ? - help)
There is an open door here.
Your extra speed is starting to run out.
You feel yourself slow down.
There is a stone staircase leading up here.
You climb upwards.
Level annotation: 1 runed translucent door, exclusion: ogre, Crazy Yiuf, Prince Ribbit
There is a stone staircase leading down here.
You see here a +0 dagger.
There is a stone staircase leading up here.
You climb upwards.
There is a stone staircase leading down here.
There is a stone staircase leading up here.
You climb upwards.
Level annotation: exclusion: door
There is a stone staircase leading down here.
You see here a +0 short sword. 3 golden eyes come into view.
The golden eye turns its gaze towards you. x2
There is a stone staircase leading up here.
The golden eye blinks!
The golden eye blinks at you. You resist with almost no effort.
You climb upwards.
There is a stone staircase leading down, spattered with blood here.
Things that are here:
a +0 robe; a +0 dagger
There is an open door here.
There is a stone staircase leading up here.
You climb upwards.
There is a stone staircase leading down here.
There is an open door here.
There is an open door here.
There is a staircase leading out of the dungeon here.
Enter note: gg You have escaped!

###### ##
##....###############.
####.........##....#.....
###.....#####...###.....###
#....####...####.....####..
#..###.........###'###.....
#..#......@......'.'......⌠
##.###.........###'###.....
#....####...####.....####..
#.......#####......#....###
#.................#..##....
#.#...###....#.....#..##...
#.##### ########..###.###..
### #####.########.
######.###...#...#..


There were no monsters in sight!

Vanquished Creatures
  4 dread liches
  4 orbs of fire
  3 ancient liches
  Mara (Depths:3)
  Mennas (Vaults:3)
  A juggernaut (Depths:2)
  5 Killer Klowns
  2 curse toes (Zot:3)
  Margery (Vaults:2)
  Nikola (Depths:2)
  the Enchantress (Depths:2)
  7 golden dragons
  Norris (Depths:2)
  2 bone dragons
  2 electric golems
  Jorgrun (Elf:1)
  13 tentacled monstrosities
  Rupert (Lair:5)
  Mlioglotl (Swamp:3)
  An Ice Fiend (Zot:2)
  28 Orb Guardians
  The ghost of dorian the Bludgeoner, an adept OnGl of Okawaru (Swamp:4)
  Asterion (Vaults:3)
  3 titans (Vaults:5)
  A deep elf blademaster (Elf:1)
  4 sphinxes
  10 quicksilver dragons
  A searing wretch (Vaults:2)
  7 death cobs
  2 thorn hunters (Swamp:4)
  Kirke (Lair:5)
  7 shadow dragons
  8 storm dragons
  4 tengu reavers
  7 fire giants
  3 draconian knights (Zot:3)
  3 protean progenitors
  A fenstrider witch (Swamp:3)
  5 draconian monks
  3 balrugs
  4 emperor scorpions
  4 frost giants
  15 vault wardens
  Louise (Elf:1)
  3 draconian shifters
  3 orc warlords
  5 ghost moths
  24 ironbound preservers
  7 draconian scorchers
  5 draconian stormcallers
  3 ghouls
  8 draconian annihilators
  12 stone giants
  2 spriggan defenders
  8 broodmothers
  A reaper (Depths:2)
  11 very ugly things
  2 formless jellyfish
  A vampire knight (Depths:3)
  15 green draconians
  8 eleionomae
  2 deep elf demonologists
  5 ironbound thunderhulks
  2 war gargoyles (Vaults:5)
  2 deep elf death magi
  A minotaur (Gauntlet)
  5 deep elf annihilators
  15 yellow draconians
  24 purple draconians
  16 black draconians
  13 spark wasps
  8 white draconians
  Azrael (D:13)
  2 red draconians
  A blizzard demon (Depths:3)
  8 dire elephants
  2 crystal guardians
  2 shambling mangroves
  A merfolk javelineer (Depths:1)
  15 ettins
  Snorg (Lair:5)
  4 entropy weavers
  2 jiangshi (Depths:2)
  14 fire dragons
  A merfolk impaler (Depths:3)
  10 yaktaur captains
  4 rakshasas
  A spectral fenstrider witch (Swamp:4)
  Erolcha (D:13)
  4 deep elf high priests
  6 great orbs of eyes
  11 ice dragons
  7 spriggan air magi
  5 ghost crabs
  15 hydras
  19 ironbound frosthearts
  33 vault guards
  3 peacekeepers
  5 ogre magi
  7 boulder beetles
  A sphinx zombie (Vaults:3)
  5 jorogumos
  3 radroaches
  19 centaur warriors
  9 deep troll shamans
  An alligator (Lair:2)
  6 dancing weapons
  14 two-headed ogres
  7 deep troll earth magi
  3 death yaks (Lair:2)
  5 orc high priests (Orc:2)
  5 tengu warriors
  A two-headed ogre (shapeshifter) (Depths:3)
  2 soul eaters (Depths:3)
  2 vampire magi (Depths:2)
  12 spriggan berserkers
  12 demonic crawlers
  A sun demon (Depths:2)
  6 deep elf knights
  4 hell knights
  4 skeletal warriors (D:14)
  7 pharaoh ants
  7 skysharks
  6 goliath frogs
  A sixfirhy (Depths:3)
  3 spectral spriggans (Swamp:4)
  A fire crab (Gauntlet)
  A golden dragon zombie (Vaults:4)
  A spriggan druid (Swamp:4)
  A spark wasp zombie (Depths:3)
  2 obsidian statues (Zot:4)
  2 sun moths
  4 iron trolls
  5 arcanists
  3 sea snakes (Zot:2)
  A glowing orange brain (shapeshifter) (Depths:3)
  4 flayed ghosts
  2 swamp dragons
  63 deep trolls
  4 glowing orange brains
  2 tengu zombies
  A lindwurm (Vaults:3)
  A mana viper (shapeshifter) (Depths:2)
  A death drake (Swamp:4)
  Pikel (D:6)
  13 ironbound convokers
  A spectral alligator (Swamp:4)
  3 spectral hydras (Swamp:4)
  An eye of devastation (shapeshifter) (Depths:3)
  5 bog bodies
  4 deep elf archers
  12 orb spiders
  2 phantasmal warriors (Vaults:5)
  7 necromancers
  8 large abominations (Depths:1)
  A steelbarb worm (shapeshifter) (Depths:3)
  6 harpies (Vaults:2)
  A tengu skeleton (Depths:3)
  A fenstrider witch simulacrum (Swamp:4)
  8 orc knights
  9 deep elf zephyrmancers
  22 deep elf pyromancers
  6 steelbarb worms
  9 cyclopes
  23 wolf spiders
  5 orc sorcerers
  24 ugly things
  8 will-o-the-wisps
  6 manticores
  20 moths of wrath
  10 oklob plants (Zot:4)
  A fire giant zombie (Depths:3)
  A guardian serpent (shapeshifter) (Vaults:3)
  An elephant (shapeshifter) (Depths:4)
  A frost giant skeleton (Depths:3)
  12 elephants
  A stone giant skeleton (Vaults:3)
  5 black mambas
  A human skeleton (Vaults:3)
  16 vault sentinels
  7 meliai
  A water nymph (shapeshifter) (Vaults:5)
  6 smoke demons
  7 torpor snails
  2 orange demons (Depths:3)
  A gargoyle (D:11)
  4 unseen horrors
  A rime drake (shapeshifter) (D:12)
  2 rime drakes
  39 yaktaurs
  18 cane toads
  A hellion (Zot:3)
  2 kobold demonologists (D:13)
  5 komodo dragons
  A tengu conjurer (D:15)
  A freezing wraith (D:15)
  5 swamp worm zombies (Swamp:4)
  3 tormentors
  A yaktaur skeleton (Vaults:4)
  A spectral death drake (Swamp:4)
  5 hydra zombies (Swamp:4)
  10 tyrant leeches
  A polar bear (shapeshifter) (D:12)
  5 trolls
  A bloated husk (Swamp:4)
  A hellwing (Depths:3)
  18 blink frogs
  11 hornets
  5 spectral swamp dragons (Swamp:4)
  20 tarantellas
  4 polar bears
  A human simulacrum (Vaults:1)
  4 glass eyes
  A slime creature (shapeshifter) (Depths:3)
  2 ettin zombies
  34 jumping spiders
  An ettin skeleton (Vaults:2)
  25 slime creatures
  11 spriggans
  2 shadows
  A spriggan (shapeshifter) (D:13)
  4 ynoxinuls (Depths:3)
  A hog (Lair:5)
  7 culicivoras
  18 water elementals
  3 wraiths
  A wyvern (Lair:1)
  A yak (shapeshifter) (Vaults:5)
  A tyrant leech zombie (Swamp:4)
  42 yaks
  6 fire elementals (D:13)
  3 fire bats (Gauntlet)
  4 basilisks
  8 wargs
  23 vampire mosquitoes
  A steam dragon (D:8)
  2 chaos spawn
  2 elf skeletons
  41 redbacks
  Menkaure (D:6)
  11 swamp worms
  Duvessa (D:5)
  4 acid dragons
  A death drake simulacrum (Swamp:4)
  19 water moccasins
  2 hell hounds (D:13)
  17 orc warriors
  A glowing shapeshifter skeleton (Vaults:4)
  6 black bears
  An ettin simulacrum (Vaults:2)
  A black bear (shapeshifter) (Depths:3)
  19 ogres
  A redback (shapeshifter) (Vaults:5)
  2 swamp dragon zombies (Swamp:4)
  7 spriggan simulacra
  A laughing skull (D:13)
  3 small abominations (Depths:1)
  5 wolves (Lair:1)
  19 centaurs
  9 phantoms
  2 lemures (D:6)
  6 kobold brigands
  26 bullfrogs
  Blork the orc (D:6)
  2 earth elementals
  A necrophage (Swamp:3)
  2 scorpions (D:6)
  A glowing shapeshifter simulacrum (Vaults:1)
  8 wights
  Dowan (D:5)
  10 killer bees (D:8)
  2 troll zombies (D:12)
  8 howler monkeys
  4 electric eels
  5 hounds
  3 bombardier beetles
  8 jellies
  22 orc priests
  2 sleepcaps
  Natasha (thrice) (D:3)
  12 orc wizards
  2 iguanas
  5 hell rats (Lair:5)
  6 ogre zombies (D:12)
  18 gnolls
  11 adders
  5 shadow imps
  3 ufetubi
  6 dart slugs
  2 ribbon worms (D:3)
  99 orcs
  12 ball pythons
  4 bats
  9 endoplasms
  11 giant cockroaches
  6 goblins
  2 hobgoblins (D:3)
  2 jackals (D:2)
  15 kobolds
  2 quokkas (D:3)
  15 frilled lizards
  5 gnoll skeletons (D:12)
  4 gnoll zombies (D:12)
  3 orc skeletons (D:12)
  13 orc zombies (D:12)
  6 rats
  2 aspiring fleshes (Zot:5)
2040 creatures vanquished.

Vanquished Creatures (collateral kills)
  A vault warden (Vaults:5)
  4 spriggan defenders (Depths:2)
  An eleionoma (Swamp:3)
  A fire dragon (Depths:2)
  An ettin (Depths:2)
  3 spriggan air magi (Depths:2)
  A two-headed ogre (D:9)
  A dart slug (Sewer)
  3 endoplasms (Sewer)
  2 giant cockroaches (Sewer)
  A goblin (D:2)
  A hobgoblin (D:2)
  A kobold (D:2)
  4 ball pythons
  2 frilled lizards (Sewer)
27 creatures vanquished.

Vanquished Creatures (others)
  A draconian knight (Zot:3)
  A ghost crab (Swamp:4)
  2 bloated husks
  A tarantella (Spider:2)
  3 humans (Lair:5)
  2 phantoms (Swamp:4)
  32 foxfires
  25 spectral weapons
67 creatures vanquished.

Grand Total: 2134 creatures vanquished

Notes
Turn   | Place    | Note
-------+----------+-------------------------------------------
     0 | D:1      | Flugkiller the Vine Stalker Necromancer began the quest for
                  | the Orb.
     0 | D:1      | Reached XP level 1. HP: 9/9 MP: 4/4
   245 | D:1      | Reached XP level 2. HP: 13/13 MP: 2/6
   827 | D:1      | Reached skill level 1 in Fighting
   896 | D:2      | Reached XP level 3. HP: 18/18 MP: 1/8
  1442 | D:2      | Reached XP level 4. HP: 23/23 MP: 9/9
  1570 | D:2      | Found an ornate altar of the Wu Jian Council.
  1961 | D:3      | Reached skill level 5 in Necromancy
  2094 | D:3      | Found Vuchof's Weapon Shop.
  2153 | D:2      | Reached XP level 5. HP: 24/27 MP: 10/10
  2320 | D:3      | Learned a level 3 spell: Vampiric Draining
  2324 | D:3      | Noticed Natasha
  2328 | D:3      | Killed Natasha
  2465 | D:3      | Noticed a black bear
  2566 | D:3      | Noticed Natasha
  2575 | D:3      | Killed Natasha
  2740 | D:3      | Reached XP level 6. HP: 32/32 MP: 12/12
  2760 | D:3      | Noticed Natasha
  2773 | D:3      | Killed Natasha
  3046 | D:4      | Found Meichit's Antique Weapon Emporium.
  3176 | D:4      | Found a glowing drain.
  3199 | Sewer    | Entered a sewer
  3347 | Sewer    | Reached skill level 1 in Evocations
  3464 | Sewer    | Reached XP level 7. HP: 36/36 MP: 14/14
  3552 | Sewer    | Reached skill level 1 in Short Blades
  3563 | Sewer    | Identified the +8 mace of the Poles {protect, rN+ Int-2
                  | Dex+3}
  3671 | D:4      | Bought a brightly glowing short sword for 192 gold pieces
  3671 | D:4      | Identified the +7 short sword of Success {holy, Fly rF-
                  | rN+++ Int-4} (You bought it in a shop on level 4 of the
                  | Dungeon)
  4032 | D:5      | Entered Level 5 of the Dungeon
  4059 | D:5      | Identified the +6 quarterstaff of Nolo Contendere {flame,
                  | +Blink rElec Will+}
  4211 | D:5      | Reached skill level 1 in Maces & Flails
  4230 | D:5      | Noticed Prince Ribbit
  4348 | D:5      | Found Geed's Overcharged Wands.
  4499 | D:5      | Noticed Duvessa
  4501 | D:5      | Noticed Dowan
  4606 | D:5      | Killed Duvessa
  4607 | D:5      | Gained mutation: You have razor-sharp teeth. [Vine Stalker
                  | growth]
  4607 | D:5      | Reached XP level 8. HP: 37/42 MP: 15/15
  4629 | D:5      | Killed Dowan
  4845 | D:5      | Found a runed translucent door.
  4846 | D:5      | Noticed Crazy Yiuf
  5080 | D:6      | Noticed Menkaure
  5085 | D:6      | Killed Menkaure
  5320 | D:6      | Reached skill level 1 in Armour
  5429 | D:6      | Noticed Blork the orc
  5449 | D:6      | Killed Blork the orc
  5514 | D:6      | Reached XP level 9. HP: 45/45 MP: 16/16
  5713 | D:6      | Noticed Pikel
  5752 | D:6      | Killed Pikel
  5753 | D:6      | Reached skill level 5 in Fighting
  6195 | D:7      | Learned a level 3 spell: Fugue of the Fallen
  6482 | D:7      | Found a staircase to the Ecumenical Temple.
  6496 | Temple   | Entered the Ecumenical Temple
  6540 | Temple   | Became a worshipper of Uskayaw the Reveller
  6603 | D:7      | Reached * piety under Uskayaw
  6654 | D:7      | Reached ** piety under Uskayaw
  6673 | D:7      | Reached skill level 5 in Maces & Flails
  6673 | D:7      | Reached skill level 1 in Invocations
  6673 | D:7      | Reached *** piety under Uskayaw
  7061 | D:8      | Reached XP level 10. HP: 49/53 MP: 17/17
  7066 | D:8      | Reached **** piety under Uskayaw
  7071 | D:8      | Reached ***** piety under Uskayaw
  7298 | D:8      | Noticed a two-headed ogre
  7334 | D:8      | Killed a two-headed ogre
  7335 | D:8      | Reached skill level 5 in Invocations
  7597 | D:8      | Noticed a red ugly thing
  8067 | D:9      | Killed a red ugly thing
  8269 | D:8      | Noticed a manticore
  8281 | D:8      | Killed a manticore
  8282 | D:8      | Reached skill level 5 in Armour
  8282 | D:8      | Reached skill level 5 in Dodging
  8282 | D:8      | Reached XP level 11. HP: 49/58 MP: 18/18
  8310 | D:8      | Noticed a two-headed ogre
  8355 | D:8      | Identified the +3 sling of Quick Death {heavy, rElec rN++
                  | Int+3}
  8355 | D:8      | Noticed a centaur warrior
  8372 | D:8      | Killed a centaur warrior
  8377 | D:8      | Reached ****** piety under Uskayaw
  8394 | D:8      | Identified the +6 broad axe "Qonworu" {spect, rElec rN+
                  | Will- Int+2}
  8554 | D:8      | Killed a two-headed ogre
  8739 | D:8      | Noticed a cyclops
  8741 | D:8      | Noticed a manticore
  8774 | D:8      | Killed a cyclops
  8775 | D:8      | Reached skill level 1 in Shields
  8992 | D:8      | Noticed a cyclops
  9021 | D:8      | Killed a cyclops
  9327 | D:8      | Killed a manticore
  9330 | D:8      | Identified the staff "Nuteusu" {rC+ Str+3 Ice}
  9467 | D:9      | Noticed a two-headed ogre
  9923 | D:9      | Killed a two-headed ogre
  9960 | D:9      | Found a white marble altar of Elyvilon.
  9961 | D:9      | Found a radiant altar of Vehumet.
  9962 | D:9      | Found a broken altar of Ashenzari.
  9962 | D:9      | Found an opulent altar of Gozag.
 10166 | D:10     | Entered Level 10 of the Dungeon
 10171 | D:10     | Noticed a two-headed ogre
 10205 | D:10     | Noticed a two-headed ogre
 10296 | D:10     | Found a flagged portal.
 10305 | Bailey   | Entered a bailey
 10651 | D:10     | Identified the +1 buckler of Sloth {Str-4 Dex+4 Slay+2}
 10703 | D:10     | Killed a two-headed ogre
 10704 | D:10     | Reached skill level 5 in Shields
 10704 | D:10     | Reached XP level 12. HP: 61/64 MP: 19/19
 10709 | D:10     | Killed a two-headed ogre
 10717 | D:10     | Found a staircase to the Lair.
 11273 | D:11     | Noticed a two-headed ogre
 11451 | D:11     | Killed a two-headed ogre
 11611 | D:11     | Noticed a two-headed ogre
 11628 | D:11     | Killed a two-headed ogre
 11734 | D:11     | Noticed a centaur warrior
 11741 | D:11     | Killed a centaur warrior
 11847 | D:11     | Found a runed translucent door.
 11861 | D:11     | Noticed an ice dragon
 11861 | D:11     | Noticed a fire dragon
 11861 | D:11     | Noticed an ice dragon
 11861 | D:11     | Found the +2 shield of Resistance {rF++ rC++ Will++}
 11862 | D:11     | Noticed a fire dragon
 11871 | D:11     | Found a runed translucent door.
 12111 | Lair:1   | Entered Level 1 of the Lair of Beasts
 12196 | Lair:1   | You fall into a shaft and drop 1 floor!
 12370 | Lair:1   | Reached XP level 13. HP: 57/69 MP: 20/20
 12927 | Lair:1   | Got Sif Muna's Guide on Productive Geology
 13099 | Lair:1   | Reached XP level 14. HP: 79/79 MP: 21/21
 13100 | Lair:1   | Reached skill level 10 in Invocations
 13100 | Lair:1   | Reached XP level 15. HP: 82/82 MP: 24/24
 13268 | Lair:2   | Reached skill level 1 in Axes
 13859 | Lair:2   | Reached skill level 5 in Evocations
 15052 | Lair:3   | Found a hole to the Spider Nest.
 16059 | Lair:4   | Identified the +2 scimitar of Bighim {drain, ^Drain Str+7
                  | Dex+4}
 16147 | Lair:4   | Reached skill level 5 in Axes
 16424 | Lair:4   | Found a staircase to the Slime Pits.
 16696 | Lair:5   | Entered Level 5 of the Lair of Beasts
 16697 | Lair:5   | Noticed Snorg
 16709 | Lair:5   | Killed Snorg
 16752 | Lair:5   | Found a gate leading to a gauntlet.
 16792 | Gauntlet | Entered a Gauntlet
 16792 | Gauntlet | Found a transporter.
 16801 | Gauntlet | Found a transporter.
 16816 | Gauntlet | Found a transporter.
 16821 | Gauntlet | Found a transporter.
 16838 | Gauntlet | Found a transporter.
 16856 | Gauntlet | Found a transporter.
 16868 | Gauntlet | Found a transporter.
 16880 | Gauntlet | Found a transporter.
 16892 | Gauntlet | Found a transporter.
 16904 | Gauntlet | Found a transporter.
 16921 | Gauntlet | Found a transporter.
 16939 | Gauntlet | Found a transporter.
 16941 | Gauntlet | Found a transporter.
 16986 | Gauntlet | Found a transporter.
 17064 | Gauntlet | Found a transporter.
 17084 | Gauntlet | Found a transporter.
 17106 | Gauntlet | Found a transporter.
 17201 | Gauntlet | Found a transporter.
 17389 | Gauntlet | Identified the amulet of Uparuzau {RegenMP Will+ rCorr
                  | Int+4}
 17604 | Lair:5   | Identified the maw talisman of the Curupira {Str+5}
 17604 | Lair:5   | Noticed Rupert
 18009 | Lair:5   | Killed Rupert
 18010 | Lair:5   | Reached XP level 16. HP: 80/87 MP: 25/25
 18172 | Lair:5   | Noticed Kirke
 18204 | Lair:5   | Killed Kirke
 18968 | D:12     | Identified the +7 dagger "Myn Suneuf" {freeze, rPois rC-
                  | Will+++ Int+4}
 19124 | D:12     | Identified the +1 pair of boots "Duuzyud" {Str+4 Dex+5}
 19186 | D:12     | Found a staircase to the Orcish Mines.
 19240 | D:12     | Found a viscous altar of Jiyva.
 19374 | D:12     | Found a runed translucent door.
 19417 | D:12     | Noticed Arcaseus's ghost (journeyman OpSh)
 19701 | D:12     | Reached skill level 10 in Axes
 20111 | D:12     | Got the Spellbook of a Billion Portals
 20286 | D:12     | Learned a level 3 spell: Ozocubu's Armour
 20684 | D:13     | Noticed Erolcha
 21067 | D:13     | Got the +4 demon whip of the Blushing Puffin {flame, Str+3}
 21141 | D:13     | Killed Erolcha
 21211 | D:13     | Reached skill level 10 in Shields
 21348 | D:13     | Noticed Azrael
 21371 | D:13     | Killed Azrael
 21653 | D:13     | Found a gate to the Vaults.
 22040 | D:14     | Reached skill level 10 in Dodging
 22130 | D:14     | Reached XP level 17. HP: 91/91 MP: 26/26
 22396 | D:14     | Found a sparkling altar of Nemelex Xobeh.
 22968 | D:15     | Entered Level 15 of the Dungeon
 23258 | D:15     | Got Ucuupodd's Enchiridion on the Scorpion and Rime
 23498 | D:15     | Found a shimmering altar of Xom.
 23508 | D:15     | Found a shimmering altar of Xom.
 23508 | D:15     | Found a shimmering altar of Xom.
 23508 | D:15     | Found a shimmering altar of Xom.
 23508 | D:15     | Found a shimmering altar of Xom.
 23509 | D:15     | Found a shimmering altar of Xom.
 23645 | D:15     | Found a staircase to the Depths.
 23806 | Orc:1    | Entered Level 1 of the Orcish Mines
 23879 | Orc:1    | Reached skill level 1 in Ice Magic
 23902 | Orc:1    | Found Loop's Distillery.
 24105 | Orc:2    | Entered Level 2 of the Orcish Mines
 24233 | Orc:2    | Found Jeocepn's Jewellery Boutique.
 24290 | Orc:2    | Reached skill level 5 in Spellcasting
 24409 | Orc:2    | Found Xokouc's Assorted Antiques.
 24415 | Orc:2    | Bought 2 bubbling puce potions for 55 gold pieces
 24415 | Orc:2    | Bought a smoky puce potion for 27 gold pieces
 24486 | Orc:2    | Found a staircase to the Elven Halls.
 24823 | Orc:2    | Found Olerin's Jewellery Boutique.
 25058 | Lair:2   | Found a staircase to the Swamp.
 25077 | Lair:2   | Acquired 504 gold pieces
 25080 | Swamp:1  | Entered Level 1 of the Swamp
 25120 | Lair:2   | Reached skill level 5 in Ice Magic
 26685 | Swamp:3  | Reached XP level 18. HP: 42/98 MP: 13/27
 27157 | Swamp:3  | Noticed Mlioglotl
 27181 | Swamp:3  | Killed Mlioglotl
 27317 | Swamp:4  | Entered Level 4 of the Swamp
 27587 | Swamp:4  | Found a runed translucent gate.
 27596 | Swamp:4  | Found a runed translucent gate.
 27598 | Swamp:4  | Found a runed translucent gate.
 27602 | Swamp:4  | Identified the +0 robe of the Giraffatuar {Dex+5 SInv}
 27902 | Swamp:4  | Noticed dorian's ghost (adept OnGl)
 28182 | Spider:1 | Entered Level 1 of the Spider Nest
 30409 | Spider:2 | Reached XP level 19. HP: 103/106 MP: 28/28
 31013 | Spider:4 | Entered Level 4 of the Spider Nest
 32241 | Spider:4 | Reached skill level 15 in Axes
 32409 | Spider:4 | Got a gossamer rune of Zot
 32720 | Elf:1    | Entered Level 1 of the Elven Halls
 32839 | Elf:1    | Noticed Jorgrun
 32850 | Elf:1    | Killed Jorgrun
 32866 | Elf:1    | Noticed Louise
 32878 | Elf:1    | Killed Louise
 33263 | Elf:1    | Found a huge runed translucent gate.
 33264 | Elf:1    | Found a huge runed translucent gate.
 33265 | Elf:1    | Found a huge runed translucent gate.
 33265 | Elf:1    | Found a huge runed translucent gate.
 33268 | Elf:1    | Found a huge runed translucent gate.
 33268 | Elf:1    | Found a huge runed translucent gate.
 33270 | Elf:1    | Found a huge runed translucent gate.
 33270 | Elf:1    | Found a huge runed translucent gate.
 33270 | Elf:1    | Found a huge runed translucent gate.
 33271 | Elf:1    | Found a huge runed translucent gate.
 33271 | Elf:1    | Found a huge runed translucent gate.
 33271 | Elf:1    | Found a huge runed translucent gate.
 33271 | Elf:1    | Found a huge runed translucent gate.
 33272 | Elf:1    | Found a huge runed translucent gate.
 33272 | Elf:1    | Found a huge runed translucent gate.
 33272 | Elf:1    | Found a huge runed translucent gate.
 33272 | Elf:1    | Found a huge runed translucent gate.
 33272 | Elf:1    | Found a huge runed translucent gate.
 33272 | Elf:1    | Found a huge runed translucent gate.
 33272 | Elf:1    | Found a huge runed translucent gate.
 33282 | Elf:1    | Noticed Roxanne
 34234 | Elf:2    | Found Fufosk's Magic Scroll Shop.
 34250 | Elf:2    | Bought a scroll of fear for 68 gold pieces
 34396 | Elf:2    | Found a shimmering blue altar of Sif Muna.
 34588 | Elf:2    | Found a runed translucent gate.
 34589 | Elf:2    | Found a runed translucent gate.
 34589 | Elf:2    | Found a runed translucent gate.
 34607 | Elf:2    | Reached XP level 20. HP: 91/111 MP: 29/29
 34853 | Vaults:1 | Entered Level 1 of the Vaults
 36069 | Vaults:1 | Paralysed by a formless jellyfish for 1 turns
 36476 | Vaults:2 | Found Irya's Antique Armour Emporium.
 36523 | Vaults:2 | Bought a glowing plate armour for 624 gold pieces
 36537 | Vaults:2 | Noticed Margery
 36764 | Vaults:2 | Reached XP level 21. HP: 116/116 MP: 30/30
 37291 | Vaults:2 | Killed Margery
 37670 | Vaults:2 | Reached skill level 15 in Fighting
 37744 | Vaults:3 | Noticed Asterion
 37754 | Vaults:3 | Killed Asterion
 37929 | Vaults:3 | Acquired 1182 gold pieces
 38341 | Vaults:3 | Found a staircase to the Crypt.
 38341 | Vaults:3 | Found an ancient bone altar of Kikubaaqudgha.
 38341 | Vaults:3 | Found a basalt altar of Yredelemnul.
 38509 | Vaults:3 | Noticed Mennas
 38548 | Vaults:3 | Killed Mennas
 39526 | Vaults:4 | Reached XP level 22. HP: 121/125 MP: 33/33
 40136 | Depths:1 | Entered Level 1 of the Depths
 40136 | Depths:1 | Found a gateway to Hell.
 40437 | Depths:1 | Reached skill level 15 in Invocations
 40437 | Depths:1 | Found a one-way gate to the infinite horrors of the Abyss.
 40626 | Depths:1 | Found a stormy altar of Qazlal.
 40851 | Depths:2 | Noticed the Enchantress
 40863 | Depths:2 | Killed the Enchantress
 41068 | Depths:2 | Noticed Nikola
 41203 | Depths:2 | Killed Nikola
 41325 | Depths:2 | Noticed Norris
 41370 | Depths:2 | Noticed a juggernaut
 41397 | Depths:2 | Killed a juggernaut
 41513 | Depths:2 | Found a one-way gateway to a ziggurat.
 41567 | Depths:2 | Found a shadowy altar of Dithmenos.
 41758 | Depths:2 | Killed Norris
 41894 | Depths:2 | Found a one-way gate leading to the halls of Pandemonium.
 42631 | Depths:3 | Reached XP level 23. HP: 133/133 MP: 35/35
 43948 | Depths:3 | Found the +7 captain's cutlass {speed, disarm}
 43955 | Depths:3 | Identified the ring "Yqaryul" {rElec MP+9 Int-2 Dex+6}
 44038 | Depths:3 | Noticed Mara
 44054 | Depths:3 | Killed Mara
 44589 | Depths:4 | Entered Level 4 of the Depths
 44877 | Depths:4 | Found a runed translucent door.
 44877 | Depths:4 | Noticed frimble's ghost (adept DsGl)
 45207 | Depths:4 | Noticed a golden dragon
 45225 | Depths:4 | Killed a golden dragon
 45231 | Depths:4 | Found a gate to the Realm of Zot.
 45354 | Depths:4 | Found Ironaam's Jewellery Emporium.
 45388 | Depths:4 | Found Luqyan's Book Shoppe.
 45389 | Depths:4 | Found Hyseiff's Jewellery Boutique.
 45389 | Depths:4 | Found Fogos's Jewellery Boutique.
 45472 | Depths:4 | Identified the +4 mace of Truncation {antimagic, Dex+2}
 46118 | Slime:1  | Entered Level 1 of the Pits of Slime
 46533 | Vaults:5 | Entered Level 5 of the Vaults
 46578 | Vaults:5 | Reached skill level 10 in Armour
 46715 | Vaults:5 | Identified the ring of Konwell {rPois MP+9 Str+7 Dex-2
                  | SInv}
 46807 | Vaults:5 | Got a silver rune of Zot
 46945 | Vaults:5 | Reached XP level 24. HP: 117/135 MP: 31/36
 47114 | Vaults:5 | Identified the +0 falchion of Keust {holy, rF+ rCorr SInv}
 47118 | Vaults:5 | Identified the +3 robe of Repulsion {+Blink}
 47182 | Vaults:5 | Noticed a dread lich
 47197 | Vaults:5 | Killed a dread lich
 47603 | Vaults:5 | Noticed a dread lich
 47614 | Vaults:5 | Killed a dread lich
 48128 | Vaults:5 | Noticed a dread lich
 48136 | Vaults:5 | Killed a dread lich
 48308 | Vaults:5 | Identified the +3 scale mail of Knowledge {Slay+4}
 48560 | Vaults:5 | Noticed an ancient lich
 48575 | Vaults:5 | Killed an ancient lich
 48667 | Vaults:5 | Identified the +3 plate armour of the Present {-Cast rElec
                  | rPois Will++}
 48670 | Vaults:5 | Identified the ring of Dousmiopt {Ice Int-4 Dex+5 Slay-4}
 48673 | Vaults:5 | Identified the +5 chain mail "Udwab" {Int+4}
 48728 | Vaults:5 | Got Binguify's Precepts of Planar Ill Luck
 48889 | Vaults:5 | Got the Precepts of the Treeataur
 48895 | Vaults:5 | Identified the staff of Kabu {rPois Will+ Dex+3 Stlth+
                  | Alchemy}
 49158 | Vaults:5 | Identified the +7 sling "Rybbasat" {speed, *Slow rF+ rC+
                  | Int+2}
 49158 | Vaults:5 | Identified the +0 morningstar of Cheese {flame, SInv}
 49785 | Swamp:4  | Got a decaying rune of Zot
 49960 | Swamp:4  | Reached XP level 25. HP: 118/143 MP: 29/36
 49962 | Swamp:4  | Killed dorian's ghost
 50373 | Zot:1    | Entered Level 1 of the Realm of Zot
 51475 | Zot:2    | Reached skill level 15 in Armour
 52508 | Zot:3    | Noticed a Killer Klown
 52540 | Zot:3    | Killed a Killer Klown
 53195 | Zot:3    | Identified the ring "Vumeoder" {rN++ AC+4}
 53668 | Zot:3    | Reached XP level 26. HP: 138/151 MP: 34/37
 53985 | Zot:4    | Noticed an orb of fire
 54066 | Zot:4    | Gained mutation: You occasionally lose the ability to drink
                  | potions when taking damage. [an orb of fire]
 54067 | Zot:4    | Lost mutation: You occasionally lose the ability to drink
                  | potions when taking damage. [an orb of fire]
 54068 | Zot:4    | Gained mutation: You are dopey. (Int -2) [an orb of fire]
 54075 | Zot:4    | Killed an orb of fire
 54981 | Zot:4    | Identified the orb "Fane" {light, rN+}
 55003 | Zot:5    | Entered Level 5 of the Realm of Zot
 55481 | Zot:5    | Identified the +8 war axe of Income {drain, MP+9 Str+2}
 55908 | Zot:5    | Noticed an orb of fire
 55925 | Zot:5    | Killed an orb of fire
 55987 | Zot:5    | Noticed a dread lich
 56000 | Zot:5    | Noticed an ancient lich
 56003 | Zot:5    | Killed a dread lich
 56038 | Zot:5    | Killed an ancient lich
 56286 | Zot:5    | Noticed a Killer Klown
 56312 | Zot:5    | Killed a Killer Klown
 56584 | Zot:5    | Noticed an orb of fire
 56595 | Zot:5    | Identified the +7 dagger of Wikh {pain, Dex+5 SInv Stlth+}
 56603 | Zot:5    | Killed an orb of fire
 56736 | Zot:5    | Noticed a Killer Klown
 56751 | Zot:5    | Killed a Killer Klown
 56764 | Zot:5    | Noticed an ancient lich
 56802 | Zot:5    | Killed an ancient lich
 56839 | Zot:5    | Noticed an orb of fire
 56846 | Zot:5    | Noticed a Killer Klown
 56849 | Zot:5    | Gained mutation: You occasionally lose the ability to drink
                  | potions when taking damage. [an orb of fire]
 56852 | Zot:5    | Killed an orb of fire
 56887 | Zot:4    | Lost mutation: You occasionally lose the ability to drink
                  | potions when taking damage. [potion of mutation]
 56887 | Zot:4    | Lost mutation: You are dopey. (Int -2) [potion of mutation]
 56887 | Zot:4    | Gained mutation: You sometimes lose your temper in combat.
                  | [potion of mutation]
 56887 | Zot:4    | Gained mutation: You are weak. (Str -2) [potion of
                  | mutation]
 56887 | Zot:4    | Gained mutation: You are partially covered in iridescent
                  | scales. (AC +2) [potion of mutation]
 56888 | Zot:4    | Lost mutation: You are partially covered in iridescent
                  | scales. (AC +2) [potion of mutation]
 56888 | Zot:4    | Lost mutation: You sometimes lose your temper in combat.
                  | [potion of mutation]
 56888 | Zot:4    | Gained mutation: Your spells are a little harder to cast,
                  | but a little more powerful. [potion of mutation]
 56888 | Zot:4    | Gained mutation: You have a pair of small antennae on your
                  | head. [potion of mutation]
 56888 | Zot:4    | Gained mutation: You have supernaturally acute eyesight.
                  | (SInv) [potion of mutation]
 56902 | Zot:5    | Killed a Killer Klown
 57010 | Zot:5    | Noticed a Killer Klown
 57042 | Zot:5    | Killed a Killer Klown
 57532 | Zot:5    | Reached XP level 27. HP: 152/156 MP: 38/38
 57554 | Zot:5    | Got the Orb of Zot
 58024 | D:8      | Noticed Loomamell the pandemonium lord
 58196 | D:1      | gg
 58197 | D:$      | Escaped with the Orb!

Illustrated notes

###### ##
##....###############.
####.........##....#.....
###.....#####...###.....###
#....####...####.....####..
#..###.........###'###.....
#..#......@......'.'......⌠
##.###.........###'###.....
#....####...####.....####..
#.......#####......#....###
#.................#..##....
#.#...###....#.....#..##...
#.##### ########..###.###..
### #####.########.
######.###...#...#..


Turn 58196 on D:1: gg

Levels and vault maps discovered:
D:1:      elethiomel_arrival_infinity_welcomes_careful_drivers,
          layout_loops_ring
D:2:      layout_basic, basic_altar, kennysheep_generic_room_10
D:3:      layout_basic, serial_shops, shop, grunt_ministairs_11, minivault_26,
          uniq_natasha
D:4:      layout_loops_cross, serial_shops, shop, portal_sewer_entry_a
D:5:      layout_cave_pools, nicolae_shop_overcharged_wands,
          uniq_crazy_yiuf_cottage, uniq_duvessa, uniq_prince_ribbit1
D:6:      kennysheep_six_static_rooms, layout_basic, uniq_blork_the_orc,
          uniq_pikel, uniq_menkaure
D:7:      layout_basic, minmay_temple_entry_crystal_x
D:8:      minmay_the_grid_octo_2x2 [minmay_the_grid_octo_toaster,
          minmay_the_grid_octo_clover, minmay_the_grid_octo_focus,
          minmay_the_grid_octo_prize_star], layout_cave_pods
D:9:      layout_loops_ring, mainiacjoe_overflow_alcove_3
D:10:     layout_roguey, due_lair_maze_entry_diamond, enter_bailey_8
D:11:     layout_basic, minmay_guarded_unrand_resistance
D:12:     evilmike_horseshoe, layout_stronghold, zombieorc2_lemuel,
          ebering_ghost_reflecting_pool, jiyva_altar_1
D:13:     minmay_firetagon, layout_basic, hangedman_vaults_entry_quadrant_bands,
          st_stairs_10, uniq_erolcha, uniq_azrael
D:14:     layout_loops_corners, nemelex_diamond_rough_becter
D:15:     grunt_enter_depths_hoard, layout_cave_pools, minivault_11,
          serial_park, serial_park_paths [serial_park_minivault_5x5_6],
          serial_park_tiny_pond, serial_park_square3
          [serial_park_minivault_5x5_8], xom_shifter_show
Temple:   mainiacjoe_temple_coin_purse
Lair:1:   layout_regular_city, grunt_megastairs_2
Lair:2:   layout_regular_city, palyth_hydra_swamp_entry
Lair:3:   layout_regular_city, spider_nest_entry_a
Lair:4:   layout_small_grid, minmay_slime_entry_pillars
Lair:5:   minmay_lair_end_frog_pond, layout_misc_corridors,
          gauntlet_entry_generic, minmay_lair_oklob_bushes, uniq_rupert,
          uniq_snorg, uniq_kirke
Swamp:1:  layout_basic_swamp, evilmike_swamp_ruin_house_3
Swamp:2:  layout_falls_marsh, evilmike_swamp_ruin_house_5
Swamp:3:  layout_basic_swamp, nicolae_swamp_decorative_isthmus, swamp_pool_1_2,
          nicolae_swamp_round_clearing, infiniplex_staircase_pool_2,
          uniq_mlioglotl
Swamp:4:  swamp_pestilence, layout_basic_swamp, gammafunk_ghost_necromancy
Spider:1: layout_chambers
Spider:2: layout_spider_delve, nicolae_spider_jagged_tunnels
Spider:3: layout_spider_delve
Spider:4: hellmonk_spider_rune_endless_swarm
Slime:1:  layout_caves
Orc:1:    layout_caves, serial_shops, nicolae_shop_tiny_statue_garden
Orc:2:    st_orc_town, layout_caves, basic_altar
Elf:1:    nicolae_elf_arrival_no_cutting_in_line, layout_loops_corners,
          hangedman_elf_represent, roderic_roman_lattice,
          serial_library_regret_index_boxing, minmay_misc_feat_cross,
          uniq_jorgrun, uniq_roxanne, uniq_louise
Elf:2:    nicolae_elf_blades_splatter_lattice
          [nicolae_blade_entry_area_security], layout_loops_cross, serial_shops,
          nicolae_shop_statue_plus, basic_altar
Vaults:1: ontoclasm_vaults_ring_large, hangedman_vaults_corner, v_misc_12,
          nicolae_vaults_closet_pinwheel_2, nicolae_vaults_asterisk,
          ontoclasm_vaults_loading_screen, v_rooms_3, layout_vaults_omnigrid
Vaults:2: cheibrodos_frozen_isle, v_misc_24, vaults_mumra_minichess,
          nicolae_vaults_ring_of_whatevers, nicolae_vaults_specimen_jars,
          nicolae_vaults_puzzle_piece, v_misc_9, nicolae_vaults_trapezoid_2,
          vaults_standard_mumra_enter_the_diamond, v_alt_pattern_5, v_misc_30,
          layout_vaults_omnicross, serial_shops, shop, uniq_margery
Vaults:3: minmay_crypt_entry_necro_gods, nicolae_vaults_doubleplus_tesselated,
          v_alt_pattern_2, nicolae_vaults_asterisk, hangedman_vaults_trim,
          hangedman_vaults_restitches, st_lattice, nicolae_vaults_gold_heap,
          layout_vaults_maze_bifur, uniq_mennas, uniq_asterion
Vaults:4: ontoclasm_vaults_ring_large, nicolae_vaults_network_s,
          nicolae_vaults_yaktaur_gun_rack, nicolae_vaults_shelves_hall,
          ontoclasm_vaults_shuriken, nicolae_vaults_cochlea,
          vaults_room_ringed_pool, vaults_mumra_lcd, v_rooms_5,
          nicolae_vaults_three_branches, grunt_vaults_funnel,
          nicolae_vaults_tetromino_T_1, ontoclasm_vaults_decontamination,
          layout_vaults_ring
Vaults:5
Depths:1: layout_cave_pools, minmay_room_of_horrors, hell_entry,
          grunt_qazlal_sundering
Depths:2: minmay_distorted_concentric_squares, layout_cave_pools,
          enter_ziggurat_f, hell_entry, nicolae_dithmenos_the_darkroom,
          rand_demon_pan_entry_3, minmay_mirror_moons_of_madness,
          infiniplex_staircase_door_maze, serial_bayou_shore_b, uniq_norris,
          uniq_enchantress, uniq_nikola
Depths:3: regret_index_reflect_refract, layout_basic, abyss_entry_glasseish,
          grunt_hell_entry_demonic_statue, hangedman_abyss_or_decor_clamps,
          uniq_mara
Depths:4: grunt_zot_entry_hairpin, layout_cave_shapes, grunt_decor_junction,
          abyss_entry, serial_shops, shop, hell_entry,
          ebering_ghost_reflecting_pool, minmay_shop_grove
Zot:1:    kennysheep_bubbly, layout_gridlike,
          regret_index_zotdec_silver_v_v_loose
Zot:2:    layout_onion_interference, st_stairs_1
Zot:3:    cheibrodos_zot_enchanting_chambers, layout_onion
Zot:4:    evilmike_crystal_ball_defense, layout_onion
Zot:5:    layout_cellular_growth, nicolae_zot_crop_circle

Skill      XL: |  1  2  3  4  5  6  7  8  9 10 11 12 13 14 15 16 17 18 19 20 21 22 23 24 25 26 |
---------------+-------------------------------------------------------------------------------+-----
Spellcasting   | 3 4 5 |  5.0
Fighting       | 1 2 3 4 6 8 11 14 16 18 19 20 | 20.0
Necromancy     | 5 6 7 |  7.0
Evocations     | 1 2 4 6 |  6.0
Short Blades   | 1 |  1.6
Maces & Flails | 2 5 6 |  6.0
Dodging        | 4 5 6 8 10 12 14 | 14.0
Armour         | 3 4 5 6 10 14 16 18 | 18.0
Invocations    | 2 6 7 8 10 11 14 15 16 17 18 20 | 20.4
Shields        | 5 8 10 12 14 | 14.0
Axes           | 9 11 12 13 16 17 | 17.6
Ice Magic      | 6 7 |  7.0
Stealth        | |  2.4

Action                     |  1- 3 |  4- 6 |  7- 9 | 10-12 | 13-15 | 16-18 | 19-21 | 22-24 | 25-27 || total
---------------------------+-------+-------+-------+-------+-------+-------+-------+-------+-------++-------
  Melee: Unarmed           |     1 |       |       |       |       |       |       |       |       ||     1
         Short sword       |     9 |    87 |   131 |       |       |       |       |       |       ||   227
         Bite              |     1 |    17 |    74 |   254 |   271 |   585 |   609 |   765 |   638 ||  3214
         Punch             |       |       |     4 |     7 |       |       |       |       |       ||    11
         Mace              |       |       |   124 |   610 |   477 |    75 |       |       |       ||  1286
         Broad axe         |       |       |       |       |    57 |  1179 |  1286 |  1499 |  1092 ||  5113
  Throw: Dart              |       |       |       |     2 |     1 |     2 |       |     1 |       ||     6
   Cast: Necrotise         |    60 |   150 |    81 |     2 |       |       |       |       |       ||   293
         Vampiric Draining |       |       |     4 |       |     5 |       |       |       |       ||     9
         Ozocubu's Armour  |       |       |       |       |       |       |     1 |       |       ||     1
         Fugue of the Fall |       |       |       |       |       |       |     1 |       |       ||     1
 Invoke: Line Pass         |       |       |       |     2 |       |     3 |       |       |     1 ||     6
         Stomp             |       |       |       |       |       |     9 |       |     3 |     2 ||    14
         Grand Finale      |       |       |       |       |       |       |     2 |     1 |     4 ||     7
  Evoke: Wand              |       |       |     3 |     6 |     1 |    22 |     4 |    15 |     2 ||    53
         Box of beasts     |       |       |       |     1 |     1 |     1 |     1 |       |       ||     4
         Phantom mirror    |       |       |       |       |       |     1 |     1 |     1 |       ||     3
    Use: Scroll            |       |     5 |     9 |     8 |    10 |    18 |     7 |    11 |    11 ||    79
         Potion            |       |     1 |       |     2 |     6 |     6 |     5 |    10 |    10 ||    40
   Stab: Paralysed         |       |       |     3 |    36 |    49 |   109 |   224 |   227 |   190 ||   838
         Sleeping          |       |       |     1 |    10 |     3 |     7 |     6 |     1 |       ||    28
         Distracted        |       |       |       |     2 |     3 |    26 |     4 |     1 |       ||    36
         Confused          |       |       |       |     1 |       |       |       |       |       ||     1
         Invisible         |       |       |       |       |     4 |       |       |       |     4 ||     8
         Betrayed ally     |       |       |       |       |       |       |       |     1 |       ||     1
 Armour: Robe              |     6 |       |       |       |       |       |       |       |       ||     6
         Ring mail         |       |    77 |   224 |   514 |   248 |       |       |       |       ||  1063
         Troll leather arm |       |       |       |       |   117 |   878 |   637 |   322 |       ||  1954
         Storm dragon scal |       |       |       |       |       |       |       |   473 |   660 ||  1133
  Dodge: Dodged            |    12 |    80 |   152 |   475 |   402 |   898 |   728 |   634 |   402 ||  3783
  Block: Buckler           |       |       |       |   146 |   243 |    89 |       |       |       ||   478
         Kite shield       |       |       |       |       |       |   912 |   943 |   957 |   534 ||  3346
